 Dungeon Crawl Stone Soup version 0.28.0-45-g0d030f2227 (webtiles) character file.

Game seed: 9740006250179777057

392 NinjaNoafa the Insei (level 6, -1/75 HPs)
             Began as a Draconian Transmuter on Apr 5, 2022.
             Was an Initiate of Ashenzari.
             Slain by an iguana (8 damage)
             ... on level 4 of the Dungeon.
             The game lasted 00:07:54 (2688 turns).

NinjaNoafa the Insei (Draconian Transmuter)         Turns: 2688, Time: 00:07:54

Health: -1/75      AC: 23    Str: 12    XL:     6   Next: 51%
Magic:  10/10      EV:  2    Int: 15    God:    Ashenzari [......]
Gold:   83         SH:  0    Dex: 12    Spells: 9/10 levels left

rFire   . . .      SeeInvis .   l - staff of poison
rCold   . . .      Faith    .   (no shield)
rNeg    . . .      Spirit   .   (armour unavailable)
rPois   +          Reflect  .   (helmet currently unavailable)
rElec   .          Harm     .   (cloak currently unavailable)
rCorr   .          Rampage  .   (gloves currently unavailable)
Will    .....      NoTele   +   (boots currently unavailable)
Stlth   +.........              (no amulet)
HPRegen 0.22/turn               (no ring)
MPRegen 0.12/turn               (no ring)

@: tree-form
A: stationary, stasis, torment immunity, boosted hp, AC +6, unfitting armour,
(cold-blooded)
a: Renounce Religion


You were on level 4 of the Dungeon.
You worshipped Ashenzari.
Ashenzari was noncommittal.
You were a tree.
You visited 1 branch of the dungeon, and saw 4 of its levels.

You collected 83 gold pieces.

Inventory:

Hand Weapons
 a - a +1 dagger of venom
 b - a +0 vorpal spear
 f - a +2 whip of electrocution
Magical Staves
 l - a staff of poison (weapon)
Wands
 j - a wand of paralysis (2)
Scrolls
 c - a scroll of blinking
 m - a scroll of amnesia


   Skills:
 + Level 2.6 Fighting
 - Level 0.2 Maces & Flails
 + Level 2.8 Dodging
 - Level 3.8 Unarmed Combat
 + Level 2.9 Spellcasting
 + Level 3.4 Transmutations
 * Level 2.2 Poison Magic
 * Level 2.1 Evocations


You had 9 spell levels left.
You knew the following spells:

 Your Spells              Type           Power      Damage    Failure   Level
a - Beastly Appendage     Tmut           24%        N/A       4%          1

Your spell library contained the following spells:

 Spells                   Type           Power      Damage    Failure   Level
 Wereblood                Tmut           12%        N/A       8%          2
 Spider Form              Tmut/Pois      16%        N/A       19%         3
 Ice Form                 Ice/Tmut       7%         N/A       69%         4


Dungeon Overview and Level Annotations

Branches:
Dungeon (4/15)
 Temple: D:4-7

Altars:
Ashenzari

Annotations:
D:4 Dowan, Duvessa, Pargi


Innate Abilities, Weirdness & Mutations

You are a tree.
Your roots penetrate the ground, keeping you stationary.
You cannot be teleported.
You are immune to unholy pain and torment.
Your maximum health is greatly increased.
Your equipment is partially melded.
((Your plain brown scales are hard. (AC +6)))
You cannot fit into any form of body armour.
((You are cold-blooded and may be slowed by cold attacks.))


Message History

The iguana bites you but does no damage.
You closely miss the iguana.
The iguana is moderately wounded.
The iguana bites you but does no damage.
You barely miss the iguana.
The iguana is moderately wounded.
The iguana bites you.
* * * LOW HITPOINT WARNING * * *
The iguana bites you but does no damage.
You barely miss the iguana.
The iguana is moderately wounded.
The iguana bites you but does no damage.
You closely miss the iguana.
The iguana is moderately wounded.
The iguana barely misses you.
You barely miss the iguana.
The iguana is moderately wounded.
The iguana bites you.
* * * LOW HITPOINT WARNING * * *
You hit the iguana but do no damage.
The iguana is moderately wounded.
The iguana bites you.
* * * LOW HITPOINT WARNING * * *
You completely miss the iguana.
The iguana is moderately wounded.
The iguana bites you but does no damage. x2
You hit the iguana.
The iguana is heavily wounded.
The iguana bites you but does no damage.
You hit the iguana.
The iguana is severely wounded.
The iguana hisses menacingly.
The iguana bites you but does no damage.
You barely miss the iguana.
The iguana is severely wounded.
The iguana barely misses you.
You hit the iguana.
The iguana is almost dead.
The iguana bites you!
You die...

#### ##..##
#########....##
#.)......l.#..##
.........#####.##
########## ##l##
# ##♣# ##.# ##


You could see an iguana.

Vanquished Creatures
  Sigmund (D:4)
  A scorpion (D:4)
  An iguana (D:4)
  Terence (D:2)
  A hound skeleton (D:3)
  2 adders
  A gnoll (D:2)
  2 adder skeletons (D:3)
  3 adder zombies (D:3)
  3 dart slugs
  3 orcs (D:2)
  3 ball pythons
  7 bats
  3 endoplasms
  A giant cockroach (D:2)
  A goblin (D:2)
  3 hobgoblins
  6 jackals (D:1)
  6 kobolds
  4 quokkas
  A ball python skeleton (D:3)
  A frilled lizard (D:1)
  2 jackal skeletons (D:3)
  A jackal zombie (D:3)
  A quokka skeleton (D:3)
  4 rats
63 creatures vanquished.

Vanquished Creatures (others)
  3 plants (D:2)
  4 withered plants (D:3)
7 creatures vanquished.

Grand Total: 70 creatures vanquished

Notes
Turn   | Place    | Note
-------+----------+-------------------------------------------
     0 | D:1      | NinjaNoafa the Draconian Transmuter began the quest for the
                  | Orb.
     0 | D:1      | Reached XP level 1. HP: 16/16 MP: 3/3
   235 | D:1      | Reached XP level 2. HP: 8/23 MP: 5/5
   606 | D:1      | You fall into a shaft and drop 1 floor!
   637 | D:2      | Reached XP level 3. HP: 17/28 MP: 6/6
   877 | D:2      | Noticed Terence
   902 | D:2      | Killed Terence
  1210 | D:2      | Reached XP level 4. HP: 34/36 MP: 5/7
  2264 | D:3      | Found a broken altar of Ashenzari.
  2271 | D:3      | Became a worshipper of Ashenzari the Shackled
  2457 | D:3      | Reached XP level 5. HP: 39/41 MP: 8/8
  2557 | D:4      | Noticed Pargi
  2559 | D:4      | Noticed Duvessa
  2559 | D:4      | Noticed Dowan
  2577 | D:4      | Noticed Sigmund
  2593 | D:4      | Killed Sigmund
  2594 | D:4      | Reached skill level 1 in Poison Magic
  2594 | D:4      | Reached skill level 1 in Evocations
  2594 | D:4      | Reached XP level 6. HP: 40/50 MP: 8/10
  2688 | D:4      | Slain by an iguana

Illustrated notes

Levels and vault maps discovered:
D:1:      psy_arrival_dodecagon, layout_rooms,
          hellmonk_ecumenical_altar_pennies_from_heaven
D:2:      layout_rooms, serial_bayou, serial_bayou_ford_a, serial_bayou_pond_b,
          serial_bayou_pond_c, serial_bayou_pond_d, uniq_terence
D:3:      layout_loops_ring, lemuel_crystal_altar, serial_undead,
          serial_undead_e, serial_undead_f, serial_undead_f, serial_undead_a,
          serial_undead_a, serial_undead_e, serial_undead_e, serial_undead_b
D:4:      layout_layer_cave, mainiacjoe_overflow_cross_hatched, fountainhead,
          uniq_pargi, uniq_sigmund, uniq_duvessa, uniq_robin

Skill      XL: |  1  2  3  4  5  6 |
---------------+-------------------+-----
Dodging        | 2 |  2.8
Fighting       | 2 |  2.6
Transmutations | 3 |  3.4
Poison Magic   | 1 2 |  2.2
Evocations     | 1 2 |  2.1
Maces & Flails | |  0.2
Unarmed Combat | |  3.8
Spellcasting   | |  2.9

Action                   |  1- 3 |  4- 6 || total
-------------------------+-------+-------++-------
Melee: Unarmed           |    81 |     9 ||    90
       Tailslap          |    13 |    14 ||    27
       Kick              |    10 |     7 ||    17
       Headbutt          |    10 |     8 ||    18
       Punch             |     3 |     4 ||     7
       Spear             |     9 |       ||     9
       Whip              |       |    51 ||    51
       Staff             |       |   120 ||   120
 Cast: Beastly Appendage |     6 |     4 ||    10
  Use: Scroll            |       |     4 ||     4
       Potion            |       |     5 ||     5
 Stab: Sleeping          |       |     1 ||     1
Armor: Skin              |    35 |    97 ||   132
Dodge: Dodged            |    76 |   131 ||   207
